 Dungeon Crawl Stone Soup version 0.19.5 (webtiles) character file.

63 devil0150 the Magician (level 3, -1/23 HPs)
             Began as a High Elf Wizard on Apr 8, 2017.
             Was an Initiate of Vehumet.
             Slain by a gnoll
             ... wielding a +0 flail
              (14 damage)
             ... on level 2 of the Dungeon.
             The game lasted 00:12:05 (2854 turns).

devil0150 the Magician (High Elf Wizard)            Turns: 2854, Time: 00:12:06

Health: -1/23      AC:  2    Str:  6    XL:     3   Next: 89%
Magic:  1/9        EV: 13    Int: 23    God:    Vehumet [......]
Gold:   79         SH:  0    Dex: 13    Spells: 5 memorised, 0 levels left

rFire  . . .     SeeInvis .     h - +0 dagger
rCold  . . .     Gourm    .     a - +0 robe
rNeg   . . .     Faith    .     (no shield)
rPois  .         Spirit   .     b - +0 hat
rElec  .         Reflect  .     (no cloak)
rCorr  .         Harm     .     (no gloves)
MR     .....                    (no boots)
Stlth  ++........               m - amulet of regeneration
                                (no ring)
                                (no ring)

@: very slightly contaminated
A: no striking features
a: Renounce Religion


You were on level 2 of the Dungeon.
You worshipped Vehumet.
Vehumet was noncommittal.
You were not hungry.

You visited 1 branch of the dungeon, and saw 2 of its levels.

You collected 79 gold pieces.

Inventory:

Hand Weapons
 h - a +0 dagger (weapon)
 i - a +0 short sword
 k - a +0 dagger
Missiles
 e - 18 poisoned needles
 g - 5 curare-tipped needles
 t - 9 arrows
Armour
 a - a +0 robe (worn)
 b - a +0 hat (worn)
Jewellery
 m - an amulet of regeneration (around neck)
 s - an uncursed ring of protection from magic {unknown}
Scrolls
 p - 2 scrolls of amnesia {unknown}
 u - a scroll of enchant weapon {unknown}
 w - a scroll of remove curse {unknown}
Potions
 j - 2 potions of might {unknown}
 l - a potion of agility {unknown}
 n - 2 potions of curing
 r - a potion of magic {unknown}
Books
 c - a book of Minor Magic

   Spells                             Type                      Level
   a - Magic Dart                     Conjuration                  1
   b - Blink                          Translocation                2
   c - Call Imp                       Summoning                    2
   d - Repel Missiles                 Charms/Air                   2
   e - Slow                           Hexes                        2
   f - Conjure Flame                  Conjuration/Fire             3
   g - Mephitic Cloud                 Conjuration/Poison/Air       3
Comestibles
 d - 3 bread rations
 o - a meat ration
 v - a slice of pizza


   Skills:
 + Level 1.0 Fighting
 + Level 1.0 Short Blades
 + Level 2.9 Dodging
 + Level 2.8 Stealth
 + Level 0.1 Unarmed Combat
 + Level 4.3 Spellcasting
 + Level 1.3 Conjurations
 + Level 0.8 Summonings
 + Level 1.1 Translocations


You couldn't memorise any spells.
You knew the following spells:

 Your Spells              Type           Power        Failure   Level  Hunger
a - Magic Dart            Conj           ##..         10%         1    None
b - Blink                 Tloc           N/A          12%         2    None
c - Call Imp              Summ           #.......     14%         2    None
d - Slow                  Hex            #.......     17%         2    None
e - Conjure Flame         Conj/Fire      #.......     24%         3    ##.....


Dungeon Overview and Level Annotations

Branches:
Dungeon (2/15)

Altars:
Vehumet


Message History

Vehumet accepts your kill.
Your Fighting skill increases to level 1!
Casting: Magic Dart
Confirm with . or Enter, or press ? or * to list all spells.
Aiming: Magic Dart
Press: ? - help, Shift-Dir - straight line, f - gnoll
Aim: a gnoll, wielding a flail The magic dart hits the gnoll.
The gnoll is lightly wounded.
The gnoll hits you with a flail.
Casting: Magic Dart
Confirm with . or Enter, or press ? or * to list all spells.
Aiming: Magic Dart
Press: ? - help, Shift-Dir - straight line, f/p - gnoll
Aim: a gnoll, wielding a flail (lightly wounded)
The magic dart hits the gnoll.
The gnoll is moderately wounded.
The gnoll hits you with a flail!
Ouch! That really hurt!
You die...

.......##....g#
###########
........#..##g#
#.........#
........#.....#
#.........##
........'...#.#
#..........#
........###.#.#
##......##.##
....(...#
#...####..#.#..#..#
#########
#...........#.....#
##..#####.....)§..#
#.>.(@g..###..§..#
########.#...§...#
#.##...§..#
#.##.....##
#g##.##### #....#
######


You could see a gnoll.

Vanquished Creatures
  2 adders (D:2)
  A gnoll (D:2)
  2 dart slugs (D:1)
  A worm (D:2)
  2 giant cockroaches (D:1)
  4 goblins (D:1)
  5 hobgoblins
  5 bats
  6 frilled lizards
  3 kobolds (D:1)
  4 rats
35 creatures vanquished.

Vanquished Creatures (others)
  A bat (D:2)
  A kobold (D:2)
2 creatures vanquished.

Grand Total: 37 creatures vanquished

Notes
Turn   | Place    | Note
-------+----------+-------------------------------------------
     0 | D:1      | devil0150 the High Elf Wizard began the quest for the Orb.
     0 | D:1      | Reached XP level 1. HP: 11/11 MP: 6/6
   710 | D:1      | Reached skill level 4 in Spellcasting
   710 | D:1      | Reached XP level 2. HP: 8/17 MP: 1/8
  2117 | D:1      | Reached XP level 3. HP: 22/22 MP: 7/9
  2148 | D:1      | Learned a level 2 spell: Blink
  2151 | D:1      | Learned a level 2 spell: Call Imp
  2154 | D:1      | Learned a level 2 spell: Slow
  2158 | D:1      | Learned a level 3 spell: Conjure Flame
  2455 | D:2      | Found a radiant altar of Vehumet.
  2469 | D:2      | Became a worshipper of Vehumet
  2709 | D:2      | Reached skill level 1 in Short Blades
  2852 | D:2      | Reached skill level 1 in Fighting
  2854 | D:2      | Slain by a gnoll

Skill      XL: |  1  2  3 |
---------------+----------+-----
Spellcasting   | 4 |  4.3
Short Blades   | 1 |  1.0
Fighting       | 1 |  1.0
Dodging        | |  2.9
Stealth        | |  2.8
Unarmed Combat | |  0.1
Conjurations   | |  1.3
Summonings     | |  0.8
Translocations | |  1.1

Action                   || total
-------------------------++-------
Melee: Unarmed           ||    21
       Dagger            ||   107
 Cast: Magic Dart        ||    57
       Call Imp          ||     2
  Use: Scroll            ||     3
       Potion            ||     1
 Stab: Sleeping          ||     4
  Eat: Chunk             ||     6
Armor: Robe              ||    29
Dodge: Dodged            ||   102
